Map: Prion Terraces

Players

BigTuna - Winner!

  • Race: Protoss Protoss
  • League: Silver

Grumm

  • Race: Zerg Zerg
  • League: Gold

VOD

Have the link to the VOD?

Description

Time

  • Played on: Feb. 9, 2016, 6:24 p.m.
  • Length: 11:44
Show
View Real Time Build Order
Export as new Build Order

BigTuna Protoss - Winner!

Build Orders:  

Get SALT Encoding   

  12  0:01  Probe (Chrono Boost)  
  13  0:12  Probe (Chrono Boost)  
  14  0:18  Pylon  
  14  0:22  Probe (Chrono Boost)  
  15  0:36  Probe (Chrono Boost)  
  15  0:38  Gateway  
  16  0:45  Assimilator  
  16  0:47  Probe (Chrono Boost)  
  17  0:57  Probe (Chrono Boost)  
  17  1:03  Gateway  
  18  1:16  Pylon  
  18  1:26  Probe (Chrono Boost)  
  19  1:37  Probe (Chrono Boost)  
  20  1:41  Cybernetics Core  
  20  2:04  Assimilator  
  20  2:05  Probe (Chrono Boost)  
  20  2:06  Nexus  
  21  2:17  Warp Gate  
  21  2:21  Adept x2  
  25  2:38  Robotics Facility  
  25  2:48  Pylon  
  25  2:54  Stalker  
  27  3:19  Probe x2 (Chrono Boost)  
  29  3:26  Robotics Facility  
  29  3:28  Pylon  
  29  3:29  Probe (Chrono Boost)  
  29  3:32  Mothership Core (Chrono Boost)  
  32  4:17  Warp Prism  
  32  4:18  Observer  
  32  4:20  Probe x2 (Chrono Boost)  
  37  4:30  Probe (Chrono Boost)  
  36  4:48  Stalker x2  
  36  4:50  Probe x2 (Chrono Boost)  
  40  4:55  Immortal  
  40  4:56  Immortal  
  48  5:00  Probe (Chrono Boost)  
  49  5:14  Zealot x2  
  50  5:42  Stalker x2  
  52  5:44  Probe (Chrono Boost)  
  52  5:45  Probe (Chrono Boost)  
  56  5:58  Probe x2 (Chrono Boost)  
  56  5:59  Gateway  
  56  6:02  Gateway  
  58  6:04  Pylon  
  58  6:07  Forge  
  58  6:09  Pylon, Probe (Chrono Boost)  
  58  6:10  Forge  
  58  6:11  Pylon, Zealot  
  61  6:12  Gateway  
  61  6:31  Stalker x2  
  65  6:35  Immortal  
  65  6:36  Immortal  
  73  6:55  Protoss Ground Weapons Level 1 (Chrono Boost)  
  73  6:56  Protoss Ground Armor Level 1 (Chrono Boost)  
  73  6:59  Probe  
  73  7:00  Probe  
  73  7:01  Nexus  
  75  7:09  Zealot x2  
  75  7:11  Probe  
  70  7:33  Pylon  
  70  7:35  Pylon, Immortal x2  
  78  7:50  Probe x2  
  80  7:53  Assimilator  
  80  7:55  Assimilator  
  80  8:02  Probe  
  81  8:08  Stalker x2  
  85  8:18  Probe  
  85  8:19  Probe  
  87  8:20  Probe  
  88  8:31  Probe  
  88  8:32  Probe  
  90  8:43  Stalker  
  90  8:44  Stalker x4  
  100  8:54  Immortal x2  
  108  9:22  Stalker x3  
  114  9:36  Zealot  
  114  9:37  Gateway  
  116  9:39  Gateway  
  116  9:40  Twilight Council  
  116  9:43  Pylon  
  116  9:49  Pylon  
  116  9:51  Pylon  
  116  10:02  Immortal  
  116  10:03  Zealot x2  
  116  10:04  Pylon  
  124  10:08  Zealot x3  
  124  10:09  Pylon  
  124  10:10  Observer  
  131  10:24  Stalker x2  
  135  10:30  Zealot x3  
  135  10:31  Observer  
  142  11:07  Stalker x5  
  138  11:41  Zealot x2  
  138  11:42  Zealot x3  
Show
View Real Time Build Order
Export as new Build Order

Grumm Zerg 

Build Orders: Hatch First 

Get SALT Encoding   

  12  0:01  Drone  
  13  0:30  Hatchery  
  12  0:38  Overlord  
  13  0:42  Drone  
  13  0:48  Drone  
  14  1:09  Spawning Pool  
  14  1:10  Drone  
  14  1:11  Drone  
  15  1:19  Drone  
  16  1:31  Drone, Extractor  
  16  1:46  Drone x3  
  19  1:57  Spine Crawler  
  18  2:03  Zergling x4  
  18  2:07  Queen  
  22  2:12  Overlord  
  22  2:20  Queen  
  24  2:24  Drone  
  24  2:25  Drone  
  26  2:43  Extractor  
  25  2:55  Drone  
  25  2:56  Drone x5  
  29  3:35  Spine Crawler  
  28  3:44  Queen  
  25  4:12  Zergling x2  
  25  4:13  Zergling x10  
  31  4:24  Spine Crawler  
  30  4:26  Hatchery  
  30  4:27  Hatchery  
  24  4:47  Drone x6  
  24  4:48  Extractor  
  24  5:27  Roach Warren  
  22  5:35  Evolution Chamber  
  21  5:47  Zergling x4  
  21  5:48  Zergling x24  
  35  6:03  Evolution Chamber  
  34  6:14  Roach  
  34  6:15  Roach x6  
  48  6:30  Overlord x2  
  48  6:31  Overlord x2  
  48  6:39  Spore Crawler  
  47  6:41  Spore Crawler  
  46  6:55  Metabolic Boost  
  46  7:02  Drone  
  43  7:33  Drone x2  
  45  7:46  Drone x2  
  45  7:49  Drone  
  35  7:58  Drone  
  35  7:59  Drone  
  37  8:17  Drone  
  37  8:18  Drone x4  
  43  8:20  Drone  
  43  8:29  Lair  
  43  8:51  Drone x9  
  50  9:06  Zergling x2  
  50  9:07  Zergling x10  
  56  9:14  Zergling x2  
  56  9:15  Zergling x4, Roach  
  61  9:21  Drone x3  
  63  9:50  Drone x9  
  63  9:51  Drone x7  
  79  10:04  Spire  
  78  10:11  Overlord x3  
  65  10:35  Roach  
  65  10:36  Roach x14  
  65  10:41  Spine Crawler  
  85  10:43  Spine Crawler  
  84  10:50  Spine Crawler  
  84  10:51  Spine Crawler  
  84  10:53  Spine Crawler  
  84  10:54  Spine Crawler  
  80  10:58  Roach x3  
  76  11:20  Zergling x2  
  76  11:21  Zergling x30  
Tags
 
Add a new tag
Caveats
  • Supply blocks, unpowered buildings, or Contaminate may cause inaccurate times.
  • Supply counts are checked every 10 seconds.